Map: Romanticide LE

Players

Arctur

  • Race: Terran Terran
  • Spawn Location: 5:00

soul - Winner!

  • Race: Terran Terran
  • League: Master
  • Spawn Location: 11:00

Event: DreamHack SC2 Masters 2020 Winter

VOD

Have the link to the VOD?

Description

Time

  • Played on: Oct. 14, 2020, 1:55 p.m.
  • Length: 12:41

All games in this series

Show
View Real Time Build Order
Export as new Build Order

Arctur Terran 

Build Orders:  

Get SALT Encoding   

  12  0:00  SCV  
  13  0:12  SCV  
  14  0:16  Supply Depot  
  14  0:24  SCV  
  14  0:27  Refinery  
  15  0:38  SCV  
  16  0:44  Barracks  
  16  0:50  SCV  
  16  0:54  Refinery  
  17  1:02  SCV  
  18  1:14  SCV  
  19  1:31  Reaper, Orbital Command  
  20  1:37  Factory  
  20  1:46  Supply Depot  
  20  1:58  SCV  
  21  2:03  Reaper  
  22  2:10  SCV  
  23  2:21  Hellion  
  23  2:22  SCV  
  26  2:31  Command Center  
  26  2:35  SCV  
  26  2:36  Barracks Reactor  
  27  2:43  Supply Depot  
  27  2:47  SCV, Factory Tech Lab  
  28  2:55  Starport  
  28  2:59  SCV  
  29  3:06  Cyclone  
  29  3:11  SCV  
  29  3:12  Marine  
  34  3:15  Marine  
  35  3:23  SCV  
  35  3:24  Refinery  
  36  3:30  Marine  
  36  3:33  Marine  
  38  3:36  SCV  
  39  3:42  Orbital Command  
  39  3:44  Factory Tech Lab  
  39  3:45  Raven  
  39  3:48  SCV  
  42  3:53  Marine  
  42  3:54  Marine  
  44  4:00  SCV  
  44  4:02  Siege Tank  
  48  4:06  Refinery  
  48  4:08  SCV  
  49  4:14  SCV  
  49  4:16  Supply Depot  
  50  4:20  SCV  
  51  4:34  Viking  
  51  4:37  SCV  
  51  4:38  Viking, Siege Tank  
  59  4:39  SCV  
  60  4:46  Supply Depot  
  60  4:49  SCV  
  60  4:51  SCV  
  62  5:08  Viking x2, SCV x2, Supply Depot  
  69  5:19  Siege Tank  
  70  5:26  SCV  
  70  5:30  SCV, Supply Depot  
  71  5:38  SCV  
  71  5:41  Viking x2  
  71  5:42  SCV, Marine  
  73  5:50  SCV  
  73  5:51  Siege Tank  
  73  5:54  SCV  
  78  5:58  Supply Depot  
  78  6:00  Marine  
  77  6:10  Stimpack  
  77  6:11  Viking x2  
  77  6:17  SCV x2  
  77  6:18  Marine  
  84  6:22  Supply Depot  
  84  6:23  Siege Tank  
  87  6:29  SCV x2  
  89  6:37  Marine  
  90  6:41  Command Center  
  90  6:52  Viking, Liberator  
  93  6:55  Marine, Siege Tank  
  96  7:02  SCV  
  94  7:12  SCV  
  94  7:13  Marine, Barracks  
  94  7:14  SCV, Barracks  
  97  7:25  SCV  
  97  7:26  Supply Depot, Engineering Bay  
  97  7:27  Engineering Bay  
  98  7:30  Siege Tank  
  98  7:31  Marine  
  102  7:48  Viking x2  
  102  7:49  SCV x2, Marine  
  108  8:01  SCV  
  109  8:08  Combat Shield  
  109  8:09  Barracks Reactor  
  109  8:10  Barracks Reactor, Marine, Siege Tank  
  109  8:11  Barracks x2  
  113  8:14  Orbital Command  
  113  8:20  SCV  
  113  8:21  SCV  
  115  8:28  Marine  
  115  8:30  Viking  
  115  8:31  Liberator  
  115  8:32  SCV  
  122  8:43  Siege Tank  
  113  8:51  Marine x2  
  113  8:53  Marine x3  
  106  8:58  SCV x3  
  106  9:00  Medivac, Terran Infantry Weapons Level 1, Terran Infantry Armor Level 1  
  106  9:02  Barracks Reactor  
  111  9:03  Barracks Reactor  
  111  9:09  Marine x2  
  100  9:12  Marine x2  
  100  9:13  Marine  
  100  9:14  SCV x2, Medivac  
  100  9:15  SCV, Siege Tank  
  92  9:22  Refinery x2  
  92  9:26  Factory, Marine x2  
  92  9:30  Marine x3  
  97  9:41  Supply Depot, Marine  
  97  9:42  Supply Depot, Marine x2  
  97  9:43  Marine  
  101  9:46  Marine  
  101  9:47  Siege Tank  
  101  9:48  Command Center  
  105  9:52  Marine x4  
  105  9:59  Marine  
  110  10:00  Viking, Marine  
  110  10:01  Medivac  
  110  10:05  Marine x2  
  117  10:09  Armory  
  117  10:12  Marine x3  
  117  10:14  Marine  
  120  10:17  Marine  
  120  10:18  Marine  
  120  10:21  Barracks Reactor  
  122  10:22  Marine x2  
  122  10:28  Siege Tank x2  
  130  10:30  Marine x3  
  130  10:31  Marine  
  130  10:34  Marine  
  135  10:36  Marine  
  135  10:40  SCV, Marine x2  
  135  10:41  SCV  
  128  10:48  Marine x3  
  128  10:49  Marine  
  122  10:52  Marine  
  122  10:53  SCV x2  
  122  10:54  Marine  
  125  10:58  Marine  
  125  10:59  Marine  
  125  11:01  Orbital Command  
  127  11:05  SCV  
  127  11:06  Marine  
  129  11:15  SCV  
  127  11:24  Marine x4  
  127  11:25  Liberator  
  130  11:31  Marine x3, Siege Tank x2  
  132  11:50  Marine x4  
  132  11:52  SCV x2, Marine x2  
  108  12:05  Marine x4  
  97  12:08  Marine x2  
  97  12:14  Marine  
Show
View Real Time Build Order
Export as new Build Order

soul Terran - Winner!

Build Orders:  

Get SALT Encoding   

  12  0:00  SCV  
  13  0:12  SCV  
  14  0:17  Supply Depot  
  14  0:24  SCV  
  15  0:38  SCV  
  15  0:40  Barracks  
  16  0:44  Refinery  
  16  0:51  SCV  
  16  0:52  Refinery  
  17  1:03  SCV  
  18  1:15  SCV  
  19  1:27  Reaper, Orbital Command  
  19  1:29  Supply Depot  
  20  1:42  Factory  
  20  1:52  SCV  
  21  1:59  Reaper  
  22  2:04  SCV  
  23  2:17  SCV  
  23  2:20  Command Center  
  24  2:28  Hellion  
  24  2:29  SCV  
  27  2:37  Barracks Reactor  
  27  2:41  SCV  
  28  2:44  Supply Depot  
  28  2:50  Hellion  
  30  2:53  SCV  
  30  2:54  Starport  
  31  3:06  SCV  
  31  3:11  Factory Tech Lab  
  32  3:14  Marine x2  
  32  3:18  SCV  
  35  3:30  SCV, Cyclone  
  35  3:31  Starport Tech Lab, Marine x2  
  41  3:34  Orbital Command  
  41  3:42  SCV, Refinery  
  42  3:52  Raven  
  42  3:54  SCV  
  42  3:55  Supply Depot  
  45  3:56  Marine  
  45  4:00  SCV  
  47  4:04  Supply Depot  
  47  4:06  SCV  
  47  4:09  Siege Tank  
  51  4:12  SCV  
  51  4:15  Marine  
  53  4:17  Marine  
  53  4:18  SCV  
  55  4:24  SCV  
  55  4:30  SCV  
  57  4:35  Command Center  
  57  4:39  Raven  
  57  4:41  SCV  
  57  4:43  SCV  
  61  4:46  Siege Tank  
  61  4:52  Marine x2  
  66  4:53  SCV  
  66  4:56  Supply Depot  
  66  4:57  SCV  
  68  5:02  Supply Depot  
  68  5:05  SCV  
  69  5:09  SCV  
  70  5:15  Barracks  
  70  5:17  Barracks  
  70  5:18  SCV  
  71  5:22  SCV  
  71  5:26  Siege Tank  
  74  5:30  SCV  
  75  5:40  Marine  
  75  5:42  Viking x2  
  74  5:45  SCV  
  74  5:47  SCV, Stimpack  
  74  5:48  Orbital Command  
  78  5:58  SCV, Siege Tank  
  78  6:02  SCV  
  82  6:06  Marine x3  
  82  6:09  Engineering Bay  
  82  6:10  SCV, Engineering Bay  
  86  6:12  Viking  
  86  6:15  SCV  
  86  6:17  Orbital Command  
  89  6:18  Refinery  
  89  6:22  SCV  
  90  6:27  SCV, Barracks Reactor  
  90  6:28  Marine  
  90  6:32  Barracks Reactor  
  92  6:33  Supply Depot, Barracks  
  92  6:34  SCV  
  92  6:35  Barracks  
  92  6:39  SCV  
  94  6:43  SCV  
  94  6:46  SCV  
  95  6:47  Siege Tank  
  95  6:50  Marine  
  95  6:51  SCV  
  95  6:52  Terran Infantry Weapons Level 1, Terran Infantry Armor Level 1  
  100  6:55  Supply Depot x2  
  100  6:56  SCV  
  100  6:58  SCV  
  101  7:03  SCV  
  101  7:08  SCV, Marine  
  100  7:10  Refinery x2  
  100  7:12  SCV  
  100  7:13  Supply Depot, Marine  
  100  7:14  Marine  
  100  7:15  Marine  
  105  7:16  Marine  
  105  7:19  Supply Depot  
  105  7:20  Supply Depot  
  106  7:22  Barracks Reactor  
  106  7:23  Barracks Reactor  
  106  7:24  Medivac  
  106  7:26  Marine  
  106  7:27  SCV, Combat Shield  
  110  7:31  SCV, Marine  
  110  7:32  Missile Turret, Marine  
  110  7:37  Siege Tank  
  115  7:39  Marine  
  115  7:42  Marine  
  117  7:45  Marine  
  117  7:49  Marine  
  117  7:50  Marine  
  119  7:52  Armory  
  119  7:53  Supply Depot  
  119  7:57  Marine  
  119  7:59  Marine  
  119  8:00  Marine  
  119  8:01  Marine  
  119  8:02  Marine x3  
  119  8:04  Medivac x2  
  128  8:07  Marine  
  128  8:08  Marine  
  129  8:15  Marine  
  129  8:17  Marine  
  129  8:18  Marine  
  129  8:19  Marine x2  
  130  8:20  Marine x2  
  130  8:25  Marine x2, Siege Tank  
  138  8:32  Marine  
  138  8:34  Medivac x2  
  138  8:35  Marine  
  138  8:36  Marine  
  138  8:37  Marine x3  
  138  8:38  Marine  
  147  8:42  Marine  
  147  8:43  Marine  
  123  8:50  Marine  
  123  8:53  Marine  
  123  8:54  Marine  
  123  8:55  Marine x3  
  96  8:56  Marine  
  96  8:57  Siege Tank  
  96  9:00  Marine  
  96  9:01  Marine  
  98  9:04  Medivac x2  
  98  9:08  Marine  
  91  9:11  Marine x2  
  91  9:13  Marine x3  
  91  9:14  Marine, Terran Infantry Weapons Level 2  
  91  9:16  SCV x3  
  92  9:18  Marine  
  92  9:19  Marine  
  92  9:24  Terran Infantry Armor Level 2  
  94  9:26  Marine  
  94  9:28  SCV x3  
  94  9:29  Marine x2  
  94  9:31  Marine x3  
  102  9:32  Marine  
  102  9:33  Siege Tank  
  102  9:34  Medivac  
  102  9:36  Marine  
  102  9:37  Supply Depot, Marine  
  111  9:40  SCV x3  
  111  9:44  Marine  
  115  9:46  Marine  
  115  9:47  Marine  
  115  9:48  Missile Turret, Marine, Sensor Tower  
  115  9:50  Marine x3  
  122  9:52  SCV  
  122  9:53  SCV x2  
  122  9:54  Marine  
  125  10:01  Marine x2  
  125  10:04  Marine  
  125  10:05  Marine  
  125  10:06  Marine, Siege Tank  
  133  10:08  Marine x3  
  133  10:12  Marine  
  136  10:15  Supply Depot  
  136  10:16  Supply Depot  
  136  10:19  Marine x2  
  138  10:22  Marine  
  138  10:24  Marine  
  138  10:26  Command Center  
  140  10:28  Marine  
  140  10:33  Marine  
  141  10:38  Siege Tank  
  141  10:41  Marine  
  141  10:42  Marine  
  146  10:44  Marine  
  146  10:45  Marine  
  146  10:46  Marine  
  145  10:51  Marine  
  145  10:55  Medivac x2, Marine x3  
  146  10:59  Marine  
  146  11:00  Marine  
  146  11:02  Marine x2  
  146  11:04  Marine  
  150  11:08  Marine  
  150  11:10  Siege Tank  
  155  11:13  Marine x3  
  155  11:17  Marine x2  
  154  11:20  Marine x2  
  154  11:22  Marine  
  154  11:25  Medivac  
  147  11:26  Marine  
  147  11:31  Marine x3  
  151  11:34  Marine  
  151  11:35  Marine  
  151  11:38  Marine x2  
  151  11:39  Marine  
  155  11:44  Marine  
  155  11:47  Siege Tank  
  160  11:49  Marine x3  
  160  11:52  Marine  
  160  11:53  Marine  
  165  11:56  Marine x2  
  165  11:57  Marine  
  164  12:02  Marine  
  164  12:07  Marine x3  
  154  12:10  Marine  
  154  12:11  Marine  
  154  12:14  Marine  
  161  12:18  SCV  
  161  12:19  SCV x2, Marine  
  161  12:21  Marine  
  159  12:39  Sensor Tower  
Tags
 
Add a new tag
Caveats
  • Supply blocks, unpowered buildings, or Contaminate may cause inaccurate times.
  • Supply counts are checked every 10 seconds.